[Event "*** Titled Tuesday Blitz"]
[Site "Chess.com"]
[Date "2020.05.19"]
[Round "6"]
[White "Doukis"]
[Black "stolencandy13"]
[Result "0-1"]
[WhiteElo "2378"]
[BlackElo "2560"]
[TimeControl "180+1"]
[EndTime "13:08:30 PDT"]
[Termination "stolencandy13 won on time"]

1. d4 f5 2. c4 e6 3. Nc3 Nf6 4. h4 d5 5. h5 dxc4 6. h6 c6 7. Nf3 b5 8. e4 fxe4 9. Ne5 g6 10. Bg5 Bb4 11. Be2 Nbd7 12. O-O Bxc3 13. Nxd7 Qxd7 14. bxc3 O-O 15. f3 Nd5 16. Qd2 exf3 17. Rxf3 Bb7 18. Raf1 Rxf3 19. Bxf3 Rf8 20. Re1 Qd6 21. Bg4 Bc8 22. Re5 a5 23. Qe1 b4 24. Bxe6+ Bxe6 25. Rxe6 Qd7 26. Qe5 Qf7 27. Rxc6 Re8 28. Qd6 b3 29.
axb3 cxb3 30. Rc5 b2 31. Rb5 Nb4 32. Kh2 b1=Q 33. cxb4 Qd3 0-1

[Event "*** Titled Tuesday Blitz"]
[Site "Chess.com"]
[Date "2020.05.19"]
[Round "6"]
[White "FMalexhdez"]
[Black "lelya96"]
[Result "0-1"]
[WhiteElo "2056"]
[BlackElo "2260"]
[TimeControl "180+1"]
[EndTime "13:08:30 PDT"]
[Termination "lelya96 won by resignation"]

1. e4 e5 2. Nf3 Nc6 3. Bc4 Nf6 4. d3 Be7 5. O-O O-O 6. c3 h6 7. Nbd2 d6 8. Re1 Kh8 9. Nf1 Nh7 10. d4 Ng5 11. d5 Nb8 12. Ng3 Bg4 13. Be2 Nxf3+ 14.
Bxf3 Bxf3 15. Qxf3 Bf6 16. Nf5 Nd7 17. Qh5 Bg5 18.
Bxg5 Qxg5 19. Qxg5 hxg5 20. c4 g6 21. Ne3 Kg7 22. f3 a5 23. g4 Nc5 24. Re2 Rh8 25. Kg2 Nd3 26. Rd2 Nf4+ 27. Kg1 Rh3 28. Rf1 Kf6 29. Ng2 Rah8 30. Nxf4 gxf4 31. Rff2 Kg5 32. Kf1 f5 33. exf5 gxf5 34. gxf5 Kxf5 35. Rde2 b6 36. Ke1 Rg8 37. Kf1 Re8 38. Re4 Rxf3 39. Rxe5+ dxe5 40. Rxf3 e4 41. Rh3 e3 42. Rh7 f3 43. Rf7+ Ke4 0-1

[Event "*** Titled Tuesday Blitz"]
[Site "Chess.com"]
[Date "2020.05.19"]
[Round "6"]
[White "frankshar"]
[Black "Shahinyan_ChessMood"]
[Result "0-1"]
[WhiteElo "2382"]
[BlackElo "2669"]
[TimeControl "180+1"]
[EndTime "13:08:31 PDT"]
[Termination "Shahinyan_ChessMood won by resignation"]

1. d4 Nf6 2. c4 c5 3. d5 e6 4. Nc3 exd5 5. cxd5 d6 6. e4 g6 7. Nf3 Bg4 8. Be2 Bxf3 9. Bxf3 a6 10. a4 Bg7 11. O-O O-O 12. Bf4 Qe7 13. Re1 Nbd7 14.
a5 Ne5 15. Ra4 Nxf3+ 16. Qxf3 Nd7 17. Qd3 Rae8 18. Nd1 f5 19. h3 g5 20. Bd2 f4 21.
f3 h5 22. Nf2 Bd4 23. Bc3 Ne5 24.
Qe2 Bxf2+ 25. Kxf2 g4 26. Bxe5 Qxe5 27. hxg4 hxg4 28. Rh1 g3+ 29. Ke1 Kg7 30. Ra3 Rh8 31. Rxh8 Rxh8 32. Rb3 Rh1+ 33. Kd2 Qd4+ 34. Qd3 Qf2+ 35.
Qe2 Re1 36. Rxb7+ Kg6 0-1

[Event "*** Titled Tuesday Blitz"]
[Site "Chess.com"]
[Date "2020.05.19"]
[Round "6"]
[White "Thee-Chessboy"]
[Black "Mikhail_Golubev"]
[Result "1-0"]
[WhiteElo "2413"]
[BlackElo "2546"]
[TimeControl "180+1"]
[EndTime "13:08:31 PDT"]
[Termination "Thee-Chessboy won by resignation"]

1. d4 Nf6 2. c4 g6 3. Nf3 Bg7 4. g3 d6 5. Bg2 O-O 6. O-O Nbd7 7. Nc3 e5 8. dxe5 dxe5 9. e4 c6 10. h3 Qb6 11. Qc2 Qb4 12. b3 Qe7 13. Be3 Nc5 14. Rad1 a5 15. Rd2 Ne8 16. Rfd1 Nc7 17. Bxc5 Qxc5 18. Na4 Qb4 19. a3 Qxa3 20. Nb6 Rb8 21. Nxc8 Rfxc8 22. Rd7 Ne6 23. h4 Nc5 24. Ng5 Nxd7 25.
Rxd7 Rd8 26. Rxf7 h6 27. Rxg7+ Kxg7 28. Ne6+ Kh7 29. Nxd8 Rxd8 30. h5 Qa1+ 31. Kh2 gxh5 32. Bh3 Qd1 33. Bf5+ Kg7 34. Qc3 Qd4 35. Qe1 b6 36. Kg2 Qd3 37. Qh1 Qe2 38. Qh4 Re8 39. Bd7 Rf8 40. Qe7+ Kg6 41. Qxf8 Qxe4+ 42. Qf3 Qxf3+ 43.
Kxf3 1-0

[Event "*** Titled Tuesday Blitz"]
[Site "Chess.com"]
[Date "2020.05.19"]
[Round "6"]
[White "kintoho"]
[Black "peixe64"]
[Result "1-0"]
[WhiteElo "2432"]
[BlackElo "2244"]
[TimeControl "180+1"]
[EndTime "13:08:31 PDT"]
[Termination "kintoho won by resignation"]

1. e4 e5 2. Nf3 Nc6 3. d4 exd4 4. c3 dxc3 5. Nxc3 Bb4 6. Bc4 Nf6 7. O-O Bxc3 8.
bxc3 d6 9. Re1 O-O 10. h3 h6 11.
Nd4 Bd7 12. Rb1 Re8 13. Rxb7 Na5 14. Ba6 Nxb7 15. Bxb7 Rb8 16. Nc6 Bxc6 17. Bxc6 Re5 18. Be3 Nxe4 19. Bd4 Nf6 20. Bxe5 dxe5 21. Qxd8+ Rxd8 22. Rxe5 Rd1+ 23. Kh2 Rc1 24. Ra5 Rxc3 25. Bf3 Rc2 26.
Kg3 Rc3 27. Rxa7 Ne4+ 28. Kf4 Nxf2 29. a4 Nd3+ 30. Ke4 Nb4 31. Kd4 Ra3 32. Be4 g6 33. Kc4 Na2 34. a5 Rc3+ 35. Kd4 c5+ 36. Ke5 Nb4 37.
Kf6 Rc4 38. Ra8+ Kh7 39. Bf3 Rf4+ 40. Ke5 c4 41. Kxf4 c3 42. Rc8 c2 43. Be4 f5 44. Bxc2 Nxc2 1-0

[Event "*** Titled Tuesday Blitz"]
[Site "Chess.com"]
[Date "2020.05.19"]
[Round "6"]
[White "ZEN-22"]
[Black "Semen_Khanin"]
[Result "1-0"]
[WhiteElo "2517"]
[BlackElo "2634"]
[TimeControl "180+1"]
[EndTime "13:08:32 PDT"]
[Termination "ZEN-22 won by resignation"]

1. e4 c5 2. b4 e6 3. bxc5 Bxc5 4. d4 Bb6 5. Nf3 d6 6. Bd3 Nc6 7. c3 Nf6 8. h4 e5 9. Ba3 exd4 10. cxd4 Bg4 11.
d5 Nd4 12. Nbd2 O-O 13. Qa4 Nxd5 14. exd5 Re8+ 15. Kf1 Qf6 16. Ne4 Rxe4 17. Bxe4 Nxf3 18. gxf3 Qxa1+ 19. Kg2 Qxa2 20. Rf1 f5 21. Bc2 Bh5 22. Bxd6 Qb2 23. Bxf5 Qf6 24. Be6+ Kh8 25. Qf4 Qg6+ 26. Qg3 Qd3 27. Be5 Qg6 28. Rc1 a5 29. Rb1 Qxg3+ 30.
fxg3 Be3 31. Rxb7 Bh6 32. g4 Be8 33. g5 a4 1-0

[Event "*** Titled Tuesday Blitz"]
[Site "Chess.com"]
[Date "2020.05.19"]
[Round "6"]
[White "fabianvivasz"]
[Black "DivyaDeshmukh23"]
[Result "0-1"]
[WhiteElo "2323"]
[BlackElo "2469"]
[TimeControl "180+1"]
[EndTime "13:08:32 PDT"]
[Termination "DivyaDeshmukh23 won on time"]

1. e4 c5 2. Nf3 d6 3. d4 cxd4 4. Nxd4 Nf6 5. Nc3 Nc6 6. Bg5 e6 7. Qd2 a6 8. Nxc6 bxc6 9. O-O-O Be7 10. Bc4 Bb7 11. Qe3 Ng4 12. Bxe7 Nxe3 13. Bxd8 Nxd1 14. Bb6 Nxc3 15. bxc3 O-O 16. Rd1 d5 17. Bd3 a5 18.
c4 Ba6 19. exd5 exd5 20. cxd5 cxd5 21. Bc5 Rfc8 22. Bd4 Bc4 23. a3 Rab8 24. Kd2 Rb7 25. Re1 Bxd3 26. Kxd3 f6 27. Re6 Rb1 28. c3 Rb3 29. a4 Ra3 30. Rd6 Rxa4 31. Rxd5 Ra1 32. g4 a4 33. g5 a3 34. gxf6 gxf6 35. Ra5 a2 36. Ke2 Rb8 0-1

[Event "*** Titled Tuesday Blitz"]
[Site "Chess.com"]
[Date "2020.05.19"]
[Round "6"]
[White "Xtrmntr78"]
[Black "Zmeeed63"]
[Result "1-0"]
[WhiteElo "2367"]
[BlackElo "2184"]
[TimeControl "180+1"]
[EndTime "13:08:32 PDT"]
[Termination "Xtrmntr78 won on time"]

1. c4 e6 2. e4 d5 3. cxd5 exd5 4.
exd5 Nf6 5. Nc3 Nxd5 6. Nf3 Be7 7. d4 O-O 8. Bd3 Bg4 9. h3 Bh5 10. O-O Nc6 11. Be4 Nf6 12. Bxc6 bxc6 13. Be3 Rb8 14.
b3 Nd5 15. Ne4 f5 16. Nc5 Bxc5 17. dxc5 Nxe3 18. fxe3 Qe7 19. Qd4 Rbd8 20. Qc3 Qe4 21. Ne5 Rd5 22. Nxc6 Rd3 23. Qc4+ Qxc4 24. bxc4 Rxe3 25.
Nxa7 Rd8 26. Nb5 Rd2 27. Rf2 Ree2 28. Rxe2 Bxe2 29. Nxc7 Bxc4 30. a4 Rd7 31. Na8 Rd2 32. Nb6 Ba6 33. Rc1 Rd8 34. c6 Bc8 35. c7 Re8 36.
Rd1 Kf7 37. Rd8 1-0

[Event "*** Titled Tuesday Blitz"]
[Site "Chess.com"]
[Date "2020.05.19"]
[Round "6"]
[White "Quattroporte300"]
[Black "Tashik"]
[Result "0-1"]
[WhiteElo "2316"]
[BlackElo "2492"]
[TimeControl "180+1"]
[EndTime "13:08:33 PDT"]
[Termination "Tashik won by checkmate"]

1. e4 e5 2. Nf3 Nc6 3. Bb5 a6 4. Ba4 Nf6 5. O-O b5 6. Bb3 Bc5 7. a4 Rb8 8. d3 h6 9. Nc3 d6 10. h3 O-O 11. Nd5 Nxd5 12. Bxd5 Ne7 13. Bb3 Ng6 14.
Be3 Qf6 15. axb5 axb5 16. Bxc5 dxc5 17. Nh2 Nf4 18. Ng4 Qg5 19. Kh2 c4 20. dxc4 bxc4 21. Bxc4 Rxb2 22. Bb3 Rd8 23. Qc1 Bxg4 24. Qxb2 Bxh3 25.
g3 Bxf1 26. Rxf1 Qh5+ 27. Kg1 Nh3+ 28. Kg2 Ng5 29. c3 Qh3+ 30. Kg1 Nf3# 0-1

[Event "*** Titled Tuesday Blitz"]
[Site "Chess.com"]
[Date "2020.05.19"]
[Round "6"]
[White "ALeks_Ivlev"]
[Black "Bossche-CM"]
[Result "0-1"]
[WhiteElo "2586"]
[BlackElo "2473"]
[TimeControl "180+1"]
[EndTime "13:08:34 PDT"]
[Termination "Bossche-CM won by resignation"]

1. d4 Nf6 2. c4 e6 3. Nf3 c5 4. d5 exd5 5. cxd5 d6 6. Nc3 g6 7.
Bf4 a6 8. a4 Bg7 9. h3 O-O 10.
e3 Re8 11. Be2 Ne4 12. Nxe4 Rxe4 13. Nd2 Rb4 14. Nc4 Bf8 15. O-O b5 16. axb5 Rxb5 17. Nxd6 Rxb2 18. Nc4 Rb4 19. Na5 Bg7 20. Ra2 Bd7 21.
Bf3 Bb5 22. Nb7 Qb6 23. d6 Bxf1 24. Nxc5 Rb1 25. Na4 Qb5 26. Qd2 Be2+ 27. Kh2 Bxf3 28. gxf3 Qf1 29. h4 Qh1+ 0-1

[Event "*** Titled Tuesday Blitz"]
[Site "Chess.com"]
[Date "2020.05.19"]
[Round "6"]
[White "lrestevez"]
[Black "ljuks68"]
[Result "0-1"]
[WhiteElo "2021"]
[BlackElo "2343"]
[TimeControl "180+1"]
[EndTime "13:08:34 PDT"]
[Termination "ljuks68 won by resignation"]

1. e4 e6 2. d4 d5 3. Nc3 Bb4 4. Bd2 dxe4 5. Qg4 Nf6 6. Qxg7 Rg8 7. Qh6 Rg6 8. Qe3 b6 9. O-O-O Bb7 10. Nxe4 Bxd2+ 11.
Nxd2 Rxg2 12. Bxg2 Bxg2 13. Ne2 Bxh1 14. Rxh1 Qd5 15.
Qf3 Qxf3 16. Nxf3 Nc6 17. c3 Ne7 18. Ne5 Ng6 19. f4 Nd5 20. Rf1 f6 21. Ng4 h5 22.
f5 hxg4 23. fxg6 Ke7 24. Nf4 Nxf4 25. Rxf4 f5 26. d5 Rg8 27. dxe6 Kxe6 28. h3 Rxg6 29. hxg4 fxg4 30. Rf2 g3 31. Rg2 Ke5 32. Kd2 Kf4 33. Ke2 Rh6 34. Kf1 Rh2 35. Kg1 Rxg2+ 36. Kxg2 Kg4 37. a4 a5 38. b4 c5 39. bxa5 bxa5 40.
c4 Kf4 41. Kh3 Kf3 42. Kh4 g2 0-1

[Event "*** Titled Tuesday Blitz"]
[Site "Chess.com"]
[Date "2020.05.19"]
[Round "6"]
[White "Msb2"]
[Black "LizaSolovyova"]
[Result "1-0"]
[WhiteElo "2890"]
[BlackElo "2542"]
[TimeControl "180+1"]
[EndTime "13:08:36 PDT"]
[Termination "Msb2 won by resignation"]

1. d4 f5 2. Bg5 b6 3. c4 Bb7 4. e3 Nf6 5. Bxf6 exf6 6. Nc3 Bb4 7.
Nf3 Bxc3+ 8. bxc3 Be4 9. Nd2 Qe7 10. Nxe4 fxe4 11. Be2 O-O 12. O-O d6 13. a4 a5 14.
Qb3 Kh8 15. Qb5 f5 16. Rae1 Nd7 17. Qc6 Nf6 18. f3 Rae8 19. fxe4 Nxe4 20. Bd3 g6 21.
Bxe4 fxe4 22. h3 Kg7 23. Qd5 Rxf1+ 24. Rxf1 Rf8 25. Rxf8 Kxf8 26. Kf2 Kg7 27. Kg3 Kh6 28. h4 g5 29. Kg4 gxh4 30. Qh5+ Kg7 31. Qg5+ Qxg5+ 32. Kxg5 d5 33. cxd5 Kf7 34. c4 Ke7 35. Kf5 b5 36.
cxb5 Kd6 37. Kxe4 h6 38. Kd3 Kxd5 39. e4+ Kd6 40. Ke3 h5 41. Kf4 Ke6 42. Kg5 c6 43.
bxc6 1-0

[Event "*** Titled Tuesday Blitz"]
[Site "Chess.com"]
[Date "2020.05.19"]
[Round "6"]
[White "RaunakSadhwani2005"]
[Black "ENEASZ"]
[Result "1-0"]
[WhiteElo "2799"]
[BlackElo "2534"]
[TimeControl "180+1"]
[EndTime "13:08:36 PDT"]
[Termination "RaunakSadhwani2005 won by resignation"]

1. e4 d6 2. d4 Nf6 3. Nc3 e5 4. Nf3 Nbd7 5. Bc4 Be7 6. O-O O-O 7. a4 c6 8. Ba2 b6 9. Qe2 a6 10. d5 c5 11. Bc4 Nh5 12. g3 g6 13. Bh6 Ng7 14.
h4 Nf6 15. Nh2 Nfh5 16. Qd1 Rb8 17. Be2 Re8 18. Be3 Rf8 19. Ng4 Kh8 20. Nh6 Bh3 21.
Re1 Bxh4 22. Bxh5 Nxh5 23. Qf3 Bf6 24. g4 Nf4 25. Bxf4 exf4 26. Qxh3 Kg7 27. Kg2 b5 28.
axb5 axb5 29. Rh1 Rh8 30. Ra7 Be7 31. g5 b4 32. Ne2 Ra8 33. Rb7 Rb8 34. Rd7 Qe8 35.
Nxf4 b3 36. c3 Rd8 37. Ra7 Ra8 38. Rxa8 Qxa8 39. Nxf7 Kxf7 40. Qe6+ Ke8 41. Nxg6 1-0

[Event "*** Titled Tuesday Blitz"]
[Site "Chess.com"]
[Date "2020.05.19"]
[Round "6"]
[White "profofchess"]
[Black "CaspiIsrael"]
[Result "0-1"]
[WhiteElo "2461"]
[BlackElo "2610"]
[TimeControl "180+1"]
[EndTime "13:08:36 PDT"]
[Termination "CaspiIsrael won by resignation"]

1. e4 e5 2. f4 exf4 3. Nf3 Nf6 4. e5 Nh5 5. Be2 Nc6 6. d4 d6 7. exd6 Bxd6 8. O-O Nf6 9. c4 b6 10. Nc3 O-O 11. d5 Ne7 12. Nd4 Ng6 13. Ncb5 Bc5 14. Kh1 a6 15. Nc6 Qd7 16. Nbd4 Bd6 17. b4 Re8 18. Bb2 Ng4 19. Bxg4 Qxg4 20. Rc1 Qxd1 21. Rfxd1 Bg4 22. Rf1 Be2 23. Rf2 Bxc4 24. Nf5 Bxd5 25. Nxg7 Bxc6 26. Nxe8 Rxe8 27. h4 Bb7 28. h5 Nh4 29.
Kh2 f3+ 30. g3 Nf5 31. Rg1 Re4 32. Kh3 Bxb4 33. Rd1 Bd6 34. Ba3 Bxa3 0-1

[Event "*** Titled Tuesday Blitz"]
[Site "Chess.com"]
[Date "2020.05.19"]
[Round "6"]
[White "Rozum_Ivan"]
[Black "amiralfio"]
[Result "1-0"]
[WhiteElo "2606"]
[BlackElo "2458"]
[TimeControl "180+1"]
[EndTime "13:08:36 PDT"]
[Termination "Rozum_Ivan won by resignation"]

1. e4 c5 2. Nf3 d6 3. d4 Nf6 4. dxc5 Nxe4 5. cxd6 Nc6 6. Bd3 Nxd6 7. O-O g6 8. Re1 Bg7 9. Nc3 O-O 10. Bf4 Nf5 11. Qd2 Nfd4 12. Nxd4 Nxd4 13. Rad1 Bf5 14. Be5 Bxd3 15.
Qxd3 Nc6 16. Qb5 Qb6 17. Qxb6 axb6 18. Bxg7 Kxg7 19. Rd7 Rfd8 20. Rxb7 Rd2 21. Rxb6 Nd4 22. Kf1 e6 23. Rd6 Nf3 24. Rxd2 Nxd2+ 25. Ke2 Nc4 26. b3 Ne5 27. a4 Rc8 28. Kd2 Ng4 29. f3 Rd8+ 30. Kc1 Nf6 31. Rd1 Rc8 32. Kb2 g5 33.
a5 1-0

[Event "*** Titled Tuesday Blitz"]
[Site "Chess.com"]
[Date "2020.05.19"]
[Round "6"]
[White "BillieKimbah"]
[Black "Jagerrmeisterr"]
[Result "1-0"]
[WhiteElo "2859"]
[BlackElo "2659"]
[TimeControl "180+1"]
[EndTime "13:08:38 PDT"]
[Termination "BillieKimbah won by resignation"]

1. Nf3 Nf6 2. g3 b6 3. Bg2 Bb7 4. d3 g6 5. e4 d6 6. O-O Nbd7 7. Re1 Bg7 8. c4 O-O 9. Nc3 e5 10. d4 h6 11. h3 a6 12. d5 Nh7 13. Rb1 a5 14. a3 f5 15. Nh4 Qf6 16. exf5 gxf5 17.
Nb5 Rac8 18. Qh5 Nc5 19. Be3 Ba6 20. b4 Nd3 21. Red1 Bxb5 22. cxb5 f4 23. Rxd3 fxe3 24. fxe3 Qf2+ 25. Kh2 e4 26. Rdd1 Ng5 27. Rf1 Qa2 28. Kh1 axb4 29. axb4 Qxd5 30. Ng6 Rxf1+ 31. Rxf1 Qe6 32.
h4 Nh7 33. Nf4 Qc4 34. Bh3 Kh8 35. Ng6+ Kg8 36. Ne7+ Kh8 37. Nxc8 Nf6 38. Qf5 1-0

[Event "*** Titled Tuesday Blitz"]
[Site "Chess.com"]
[Date "2020.05.19"]
[Round "6"]
[White "Mr_Sinigami"]
[Black "WPWPWP-2015"]
[Result "0-1"]
[WhiteElo "2568"]
[BlackElo "2421"]
[TimeControl "180+1"]
[EndTime "13:08:39 PDT"]
[Termination "WPWPWP-2015 won on time"]

1. d4 Nf6 2. Nf3 e6 3. Bf4 b6 4. e3 Bb7 5. h3 d6 6. Be2 Be7 7. O-O O-O 8. a4 a5 9. Na3 Nc6 10. c3 Re8 11. Nd2 Nd5 12. Bg3 f5 13.
Bf3 Bg5 14. e4 fxe4 15. Bxe4 Nf6 16. Bf3 Qd7 17. Re1 Rad8 18. Nb5 Ba6 19. Ne4 Nxe4 20. Bxe4 g6 21. h4 Bf6 22. h5 Ne7 23. hxg6 hxg6 24. Qg4 Kg7 25. Bd3 Nf5 26. Rad1 Bc8 27. Na7 Bb7 28.
Nb5 Qf7 29. Rd2 c6 30. Na3 Bc8 31. Nc4 b5 0-1

[Event "*** Titled Tuesday Blitz"]
[Site "Chess.com"]
[Date "2020.05.19"]
[Round "6"]
[White "K_A_S_T_O_R"]
[Black "LiverpooL174"]
[Result "1/2-1/2"]
[WhiteElo "2725"]
[BlackElo "2533"]
[TimeControl "180+1"]
[EndTime "13:08:40 PDT"]
[Termination "Game drawn by repetition"]

1. e4 c6 2. d4 d5 3. exd5 cxd5 4. c4 Nf6 5. Nc3 e6 6. Nf3 Bb4 7. cxd5 Nxd5 8. Qc2 Nc6 9. Bd3 h6 10. O-O O-O 11. Rd1 Bd6 12. a3 Nf6 13. Ne4 Nxe4 14. Bxe4 Ne7 15. Ne5 Bxe5 16. dxe5 Nd5 17. Qe2 b6 18.
Qg4 f5 19. exf6 Qxf6 20. Qg3 Bb7 21. Bd2 Rad8 22. Re1 Rd7 23. Rab1 Kh8 24. h4 a5 25. b4 axb4 26. axb4 Rdf7 27. f3 Rd7 28. Kh1 Rc8 29. Rbc1 Rcd8 30. Bxd5 Bxd5 31. Bc3 Qf5 32. Re5 Qd3 33. Qf4 Kg8 34. Re3 Qf5 35. Qg3 Rc8 36. Kh2 Qf7 37. Bxg7 Rxc1 38. Bb2+ Kh7 39. Bxc1 Qg6 40. Qe5 Qg7 41. Bb2 Qxe5+ 42. Bxe5 b5 43.
h5 Bc4 44. g4 Rd3 45. Rxd3 Bxd3 46. Kg3 Bc4 47. f4 Be2 48. Kh4 Bd1 49. g5 Be2 50. Bd6 Kg8 51. Be7 Kf7 52. Bf6 Kg8 53. Be5 Bd1 54.
gxh6 Kh7 55. Kg5 Bc2 56. Kf6 Bf5 57. Kg5 Bh3 58. Bg7 Bf5 59. Kf6 Bh3 60. Ke5 Bf5 61.
Kd6 Bh3 62. Kc6 Bf1 63. Kd6 Bc4 64. Ke5 Bb3 65. Kf6 Bc4 66. Bf8 Bb3 67. f5 exf5 68.
Kxf5 Bc4 69. Ke5 Be2 70. Kd6 Bxh5 71. Bg7 Be2 72. Kc5 Bd3 73. Kd6 Be2 74. Kc5 Bf1 75. Kd6 Bc4 76. Kc5 Bd3 77. Kd6 Bc4 78. Kc5 Bd3 1/2-1/2

[Event "*** Titled Tuesday Blitz"]
[Site "Chess.com"]
[Date "2020.05.19"]
[Round "6"]
[White "enriquetejedor"]
[Black "DarkAlekhine"]
[Result "0-1"]
[WhiteElo "2473"]
[BlackElo "2622"]
[TimeControl "180+1"]
[EndTime "13:08:40 PDT"]
[Termination "DarkAlekhine won on time"]

1. e4 Nf6 2. e5 Nd5 3. c4 Nb6 4. d4 d6 5. exd6 exd6 6. Nc3 Nc6 7. Be3 Be7 8. Rc1 O-O 9. Be2 Bf6 10. b3 Re8 11. Nf3 Bf5 12. O-O d5 13. cxd5 Nxd5 14. Nxd5 Qxd5 15. Rc5 Qd7 16. d5 Nb4 17. a3 Na6 18.
Bb5 Qd6 19. Bxa6 Qxa6 20. Rxc7 Rad8 21. Bg5 Be4 22. Bxf6 Qxf6 23. Rxb7 Rxd5 24. Qa1 Qg6 25. Ne1 Rg5 26. Qe5 Rgxe5 27. Rxa7 Bc6 0-1

[Event "*** Titled Tuesday Blitz"]
[Site "Chess.com"]
[Date "2020.05.19"]
[Round "6"]
[White "m_ezat"]
[Black "AsaHoffmann"]
[Result "0-1"]
[WhiteElo "2546"]
[BlackElo "2407"]
[TimeControl "180+1"]
[EndTime "13:08:40 PDT"]
[Termination "AsaHoffmann won by checkmate"]

1. d4 Nf6 2. c4 c5 3. d5 e5 4. Nc3 d6 5. e4 Be7 6. Be2 Nbd7 7.
Nf3 Nf8 8. O-O Ng6 9. Ne1 O-O 10.
Nd3 Ne8 11. Rb1 Bg5 12. b4 cxb4 13. Nxb4 Bd7 14. Nd3 b6 15. a4 Rc8 16. Qb3 Nc7 17.
a5 bxa5 18. Qa3 Ne8 19. Rb7 Bxc1 20. Rxc1 Rxc4 21. Nb2 Rb4 22. Rxb4 axb4 23. Qxb4 Qg5 24. Nd3 f5 25. Qb7 Nf6 26. Qb1 fxe4 27. Nb4 Bf5 28. Qa1 e3 29. f3 Nf4 30. Bf1 Nh3+ 31. Kh1 Nf2+ 32. Kg1 e4 33. fxe4 N6xe4 34. Nxe4 Bxe4 35. Qd4 Nh3+ 36. Kh1 Rxf1+ 37. Rxf1 Qxg2# 0-1

[Event "*** Titled Tuesday Blitz"]
[Site "Chess.com"]
[Date "2020.05.19"]
[Round "6"]
[White "BabyBoss31"]
[Black "ValeriyGrinev"]
[Result "0-1"]
[WhiteElo "2333"]
[BlackElo "2542"]
[TimeControl "180+1"]
[EndTime "13:08:40 PDT"]
[Termination "ValeriyGrinev won by checkmate"]

1. d4 Nf6 2. c4 c5 3. d5 e6 4.
Nc3 exd5 5. cxd5 d6 6. e4 g6 7. f4 Bg7 8. Bb5+ Nfd7 9. a4 O-O 10. Nf3 Na6 11. O-O Nb4 12. Re1 a6 13. Bf1 f5 14.
e5 Re8 15. Ng5 dxe5 16. Ne6 Qb6 17. Bc4 e4 18. Nc7 Bd4+ 19. Be3 Bxe3+ 20. Rxe3 Kf8 21. Nxa8 Qd6 22. a5 Qxf4 23. Rh3 Ne5 24. Qe2 Kg7 25. Rf1 Qg4 26. Nc7 Re7 27. d6 Rd7 28. Ne6+ Kf6 29.
Qxg4 Nxg4 30. Nxe4+ Ke5 31. N4xc5 Rxd6 32. Re1+ Kf6 33.
Nf8 h5 34. Be6 Nc2 35. Re2 Nd4 36. Bxc8 Nxe2+ 37. Kf1 Nf4 38. Rf3 Rd1# 0-1

[Event "*** Titled Tuesday Blitz"]
[Site "Chess.com"]
[Date "2020.05.19"]
[Round "6"]
[White "mirandamikadze"]
[Black "Stronger1799"]
[Result "0-1"]
[WhiteElo "1992"]
[BlackElo "2306"]
[TimeControl "180+1"]
[EndTime "13:08:40 PDT"]
[Termination "Stronger1799 won by checkmate"]

1. e4 c5 2. c3 b6 3. d4 Bb7 4.
Bd3 cxd4 5. cxd4 Nc6 6. Nf3 Nb4 7. Nc3 Nxd3+ 8. Qxd3 e6 9. O-O Bb4 10. Bg5 Nf6 11.
e5 h6 12. exf6 hxg5 13. fxg7 Rg8 14. Qh7 Ke7 15. Nxg5 f6 16. Nge4 Qe8 17. d5 Qf7 18.
Qh4 Qxg7 19. g3 Rh8 20. Qf4 f5 21. dxe6 fxe4 22. Nxe4 Raf8 23. Qc7 Bxe4 24. Qxd7+ Kf6 25. Qd4+ Kf5 26. Qxb4 Rxh2 27. f3 Qxg3# 0-1

[Event "*** Titled Tuesday Blitz"]
[Site "Chess.com"]
[Date "2020.05.19"]
[Round "6"]
[White "Hikaru"]
[Black "BocharovD"]
[Result "1-0"]
[WhiteElo "3193"]
[BlackElo "2848"]
[TimeControl "180+1"]
[EndTime "13:08:41 PDT"]
[Termination "Hikaru won by resignation"]

1. d4 Nf6 2. c4 e6 3. Nf3 b6 4. g3 Bb7 5. Bg2 Be7 6. O-O O-O 7. Re1 d5 8. cxd5 exd5 9. Bf4 Na6 10. Nc3 c5 11. e3 Nc7 12. Rc1 Ne6 13. Ng5 Nxf4 14. exf4 cxd4 15. Qxd4 Bc5 16. Qd1 h6 17. Nf3 Ng4 18.
Nd4 Nxf2 19. Kxf2 Qf6 20. Re5 Rfe8 21. Nxd5 Bxd5 22. Rxd5 Rad8 23. Rcxc5 bxc5 24. Ne2 c4 25. Qd2 Rxd5 26. Bxd5 Rb8 27. b3 cxb3 28. Bxb3 Rd8 29. Qe3 Qc6 30. Qxa7 Rd7 31. Qe3 g6 32. Nd4 Qd6 33.
Nf3 Re7 34. Qd4 Qc7 35. Ne5 Kh7 36. Ng4 1-0

[Event "*** Titled Tuesday Blitz"]
[Site "Chess.com"]
[Date "2020.05.19"]
[Round "6"]
[White "Igor_Lysyj"]
[Black "WildTricks"]
[Result "0-1"]
[WhiteElo "2767"]
[BlackElo "2549"]
[TimeControl "180+1"]
[EndTime "13:08:42 PDT"]
[Termination "WildTricks won by resignation"]

1. d4 f5 2. g3 Nf6 3. Bg2 g6 4. Nd2 Bg7 5. c3 d5 6. Nh3 O-O 7. Nf3 e6 8. Nf4 Qe7 9. h4 Ne4 10. h5 g5 11. h6 Bh8 12. Nd3 b6 13. Nfe5 c5 14. Rh5 Bf6 15. Be3 a5 16. g4 f4 17.
Bd2 Ba6 18. Qa4 c4 19. Nc1 Nd6 20. Bf3 Bb7 21. Qa3 Nc6 22. Nxc6 Bxc6 23. b3 b5 24.
bxc4 Nxc4 25. Qxe7 Bxe7 26. Nd3 Be8 27. Rh1 Bg6 28.
Bc1 Rfc8 29. Kf1 Rc7 30. Kg2 b4 31. cxb4 axb4 32. Nc5 Bxc5 33. dxc5 Rxc5 34. Rd1 Rca5 35. Rd4 Rxa2 36. Rxa2 Rxa2 37. Rxd5 exd5 38. Bxd5+ Bf7 0-1

[Event "*** Titled Tuesday Blitz"]
[Site "Chess.com"]
[Date "2020.05.19"]
[Round "6"]
[White "bazar-wokzal"]
[Black "temus_galaktionov"]
[Result "0-1"]
[WhiteElo "2508"]
[BlackElo "2696"]
[TimeControl "180+1"]
[EndTime "13:08:42 PDT"]
[Termination "temus_galaktionov won by resignation"]

1. e4 c6 2. d4 g6 3. Nc3 Bg7 4. h4 d6 5. h5 Qb6 6. Nge2 Nd7 7. h6 Bf6 8. g4 e5 9. g5 Be7 10. f4 f6 11. Bh3 exf4 12. Nxf4 Nf8 13. Bxc8 Rxc8 14.
Qg4 Rc7 15. Nce2 fxg5 16. Ne6 Nxe6 17. Qxe6 Kd8 18. Be3 Nf6 19. O-O-O Qa5 20. e5 Qd5 21. Qh3 Ne4 22. Kb1 Rf8 23. Qh2 Rf3 24. Bc1 Bf8 25.
Rhf1 Rcf7 26. Rxf3 Rxf3 27. Qg2 Rf5 28. Qg1 Kc8 29.
b3 Bxh6 30. Qh2 Rf2 31. Qxh6 Rxe2 32. Bb2 Qf7 33. exd6 Nxd6 34. Qxg5 Qf5 35. Qh6 Qxc2+ 0-1

[Event "*** Titled Tuesday Blitz"]
[Site "Chess.com"]
[Date "2020.05.19"]
[Round "6"]
[White "Danfii"]
[Black "Lubov_Gordyk"]
[Result "1-0"]
[WhiteElo "2367"]
[BlackElo "2613"]
[TimeControl "180+1"]
[EndTime "13:08:42 PDT"]
[Termination "Danfii won by resignation"]

1. e4 g6 2. d4 Bg7 3. Nc3 d6 4. f4 a6 5. Nf3 b5 6. Bd3 Nd7 7. e5 c5 8. Be4 Rb8 9. O-O Nh6 10. a4 O-O 11. axb5 axb5 12. Ne2 Nb6 13. c3 c4 14.
Ng3 f5 15. exf6 exf6 16. f5 g5 17. h4 gxh4 18. Nxh4 Nf7 19. Nh5 Ng5 20. Bc2 h6 21.
Ng6 Rf7 22. Qg4 Nd5 23. Bxg5 fxg5 24. Nxg7 Kxg7 25. Rae1 Nf6 26. Qh3 Bd7 27. Re6 Qc7 28. Rfe1 b4 29. Re7 Qb6 30. Rxf7+ Kxf7 31. Re7+ Kg8 32. Qxh6 1-0

[Event "*** Titled Tuesday Blitz"]
[Site "Chess.com"]
[Date "2020.05.19"]
[Round "6"]
[White "GothamChess"]
[Black "S_Kalvaitis"]
[Result "1-0"]
[WhiteElo "2608"]
[BlackElo "2346"]
[TimeControl "180+1"]
[EndTime "13:08:42 PDT"]
[Termination "GothamChess won on time"]

1. d4 d5 2. Nf3 Nc6 3. g3 Bg4 4.
Bg2 Qd7 5. O-O O-O-O 6. a4 f6 7. a5 e5 8. dxe5 fxe5 9. a6 b6 10. Bg5 Nf6 11. Bxf6 gxf6 12. c4 Bc5 13. cxd5 Qxd5 14.
Qa4 Nb4 15. Nh4 Qd7 16. Bb7+ Kb8 17. Nc3 Qxa4 18. Nxa4 Be7 19. Nc3 Be6 20. Ng2 f5 21. Rac1 Bc8 22. Ne3 Bxb7 23. axb7 Kxb7 24. Nxf5 Bf6 25.
Ne4 Rhf8 26. g4 Nd5 27. e3 c5 28. Ra1 a5 29. h3 h5 30. Kg2 hxg4 31. hxg4 Bh8 32.
Rh1 Rg8 33. Rh7+ Kb8 34. Kf3 Rdf8 35. Rah1 Bf6 36. Rd7 1-0